 Dungeon Sprint DCSS version 0.19-a0-1827-g174f941 (webtiles) character file.

1237 Theye the Carver (level 8, 0/120 HPs)
             Began as a Deep Dwarf Berserker on Oct 7, 2016.
             Was an Elder of Trog.
             Slain by a demonic crawler (8 damage)
             ... in the Dungeon (Sprint I: "Red Sonja").
             The game lasted 00:01:44 (386 turns).

Theye the Carver (Deep Dwarf Berserker)              Turns: 386, Time: 00:01:45

Health: 0/120      AC:  2    Str: 25    XL:     8   Next: 24%
Magic:  14/14      EV: 15    Int:  9    God:    Trog [****..]
Gold:   311        SH:  5    Dex: 14    Spells: 0 memorised, 7 levels left

rFire  . . .     SeeInvis .     l - +0 trident of the Sky {elec, rPois rC+ MR+} (curse)
rCold  + . .     Gourm    .     b - +0 animal skin
rNeg   . . .     Faith    .     d - +0 buckler
rPois  +         Spirit   .     (no helmet)
rElec  .         Dismiss  .     (no cloak)
rCorr  .         Reflect  .     (no gloves)
MR     ++...     Harm     .     (no boots)
Stlth  .......... NoTele   +    (no amulet)
                                (no ring)
                                (no ring)

@: berserking (expiring), very slightly contaminated, non-regenerating, very
quick
A: damage resistance, recharge devices, sense surroundings 1, slow regeneration
3
a: Device Recharging, Berserk, Trog's Hand, Brothers in Arms, Burn Spellbooks,
Renounce Religion


You were in the Dungeon.
You worshipped Trog.
Trog was greatly pleased with you.
You were not hungry.

You visited 1 branch You collected 405 gold pieces.
You spent 94 gold pieces at shops.

Inventory:

Hand Weapons
 a - a +0 falchion
 l - the cursed +0 trident of the Sky (weapon) {elec, rPois rC+ MR+}
   (You found it in the Dungeon)

   Occasionally, upon striking a foe, it will discharge some electrical energy
   and cause terrible harm.
   It protects you from cold.
   It protects you from poison.
   It affects your resistance to hostile enchantments.
   It has a curse placed upon it.
Armour
 b - a +0 animal skin (worn)
 d - a +0 buckler (worn)
Wands
 c - a wand of heal wounds (2/9)
Scrolls
 j - 2 scrolls of blinking
Potions
 e - 2 potions of curing
 f - a potion of heal wounds
 h - 2 potions of magic
 i - a potion of berserk rage


   Skills:
 + Level 7.6 Fighting
 - Level 12.5 Long Blades
 * Level 3.2 Polearms
 + Level 4.5 Armour
 + Level 5.9 Dodging
 * Level 4.2 Shields
 * Level 9.1 Evocations


You had 7 spell levels left.
You didn't know any spells.

Dungeon Overview and Level Annotations

Branches:
Dungeon (1/1)

Altars:
Cheibriados
Dithmenos
Elyvilon
Fedhas
Gozag
Hepliaklqana
Kikubaaqudgha
Makhleb
Nemelex Xobeh
Okawaru
Qazlal
Ru
Sif Muna
Trog
Uskayaw
Vehumet
Xom
Yredelemnul
Zin
The Shining One
Jiyva
Lugonu

Shops:
D [


Innate Abilities, Weirdness & Mutations

You are resistant to damage.
You can recharge devices by infusing magical energy.
You passively map a small area around you.
You do not regenerate.


Message History

The demonic crawler misses you. The demonic crawler hits you.
* * * LOW HITPOINT WARNING * * *
You block the demonic crawler's attack.
You feel a strong urge to attack something.
Unknown command.
There is an open door here.
Things that are here:
a dagger; a robe; a kobold corpse You puncture the demonic crawler!
The demonic crawler is severely wounded.
The demonic crawler hits you. The demonic crawler closely misses you.
The demonic crawler hits you!
* * * LOW HITPOINT WARNING * * *
You hit the demonic crawler.
The demonic crawler is severely wounded.
The demonic crawler misses you. You block the demonic crawler's attack.
The demonic crawler hits you!
* * * LOW HITPOINT WARNING * * *
The demonic crawler hits you!
You die...

##################### *
* ))..#.)'..#__#.)@ss.#
,
.#..'..#..'..'..#ss.##+#
*
###'#####'#__####...'..#
* ##..#...#.####
#####..+ *
_####..##.#§§§ , ##
____##'#..+≈§§,,+ * *
.∩...†..._#§§§, , ,
..__##_.#'# +#* * * ,
____###+#.#,,, , , *


You could see 4 demonic crawlers.

Vanquished Creatures
  2 kobold demonologists (D)
  A slime creature (D)
  Sigmund (D)
  A yak (D)
  A floating eye (D)
  An ogre (D)
  A jelly (D)
  Ijyb (D)
9 creatures vanquished.

Notes
Turn   | Place    | Note
-------+----------+-------------------------------------------
     0 | D        | Theye the Deep Dwarf Berserker began the quest for the Orb.
     0 | D        | Reached XP level 1. HP: 20/20 MP: 1/1
     2 | D        | Noticed Ijyb
    38 | D        | Killed Ijyb
    38 | D        | Reached skill level 5 in Long Blades
    38 | D        | Reached XP level 2. HP: 5/28 MP: 1/3
    42 | D        | Noticed an ogre
    46 | D        | Killed an ogre
    46 | D        | Reached skill level 7 in Long Blades
    46 | D        | Reached XP level 3. HP: 37/37 MP: 1/6
    46 | D        | Reached XP level 4. HP: 45/45 MP: 1/7
    90 | D        | Noticed Sigmund
    98 | D        | Killed Sigmund
    98 | D        | Reached ** piety under Trog
    98 | D        | Reached skill level 5 in Fighting
    98 | D        | Reached skill level 9 in Long Blades
    98 | D        | Reached XP level 5. HP: 55/55 MP: 7/9
   169 | D        | Found a deep blue altar of Sif Muna.
   171 | D        | Found a radiant altar of Vehumet.
   178 | D        | Reached XP level 6. HP: 62/62 MP: 10/10
   227 | D        | Found Vocvi's Antique Armour Emporium.
   227 | D        | Found an ancient bone altar of Kikubaaqudgha.
   227 | D        | Found a hazy altar of Hepliaklqana.
   227 | D        | Found a stormy altar of Qazlal.
   227 | D        | Found a hide-covered altar of Uskayaw.
   227 | D        | Found a blossoming altar of Fedhas.
   227 | D        | Found a bloodstained altar of Trog.
   227 | D        | Found an iron altar of Okawaru.
   227 | D        | Found a basalt altar of Yredelemnul.
   227 | D        | Found a glowing golden altar of the Shining One.
   227 | D        | Found a snail-covered altar of Cheibriados.
   227 | D        | Found a sacrificial altar of Ru.
   227 | D        | Found a glowing silver altar of Zin.
   227 | D        | Found a shadowy altar of Dithmenos.
   227 | D        | Found a white marble altar of Elyvilon.
   227 | D        | Noticed a yak
   235 | D        | Killed a yak
   235 | D        | Reached skill level 10 in Long Blades
   235 | D        | Reached skill level 5 in Dodging
   245 | D        | Found an opulent altar of Gozag.
   261 | D        | Found a sparkling altar of Nemelex Xobeh.
   265 | D        | Bought a buckler for 94 gold pieces
   283 | D        | Got a steaming trident
   284 | D        | Identified the cursed +0 trident of the Sky {elec, rPois rC+ MR+} (You found it in the Dungeon)
   301 | D        | Found a burning altar of Makhleb.
   301 | D        | Found a viscous altar of Jiyva.
   301 | D        | Found a shimmering altar of Xom.
   301 | D        | Found a corrupted altar of Lugonu.
   301 | D        | Noticed a slime creature
   310 | D        | Killed a slime creature
   310 | D        | Reached *** piety under Trog
   310 | D        | Reached skill level 11 in Long Blades
   310 | D        | Reached skill level 1 in Polearms
   310 | D        | Reached XP level 7. HP: 38/70 MP: 12/12
   323 | D        | Noticed a kobold demonologist
   324 | D        | Noticed a smoke demon
   324 | D        | Noticed a kobold demonologist
   333 | D        | Killed a kobold demonologist
   333 | D        | Reached skill level 12 in Long Blades
   335 | D        | Killed a kobold demonologist
   335 | D        | Reached **** piety under Trog
   335 | D        | Reached XP level 8. HP: 80/80 MP: 12/14
   374 | D        | Noticed a demonic crawler
   374 | D        | Noticed a demonic crawler
   374 | D        | Noticed a demonic crawler
   374 | D        | Noticed a demonic crawler
   386 | D        | Slain by a demonic crawler

Vault maps used:
D:        dungeon_sprint_1

Skill      XL: |  1  2  3  4  5  6  7 |
---------------+----------------------+-----
Fighting       | 3 4 5 6 7 |  7.6
Long Blades    | 5 7 9 11 12 | 12.5
Evocations     | 2 4 6 7 9 |  9.1
Armour         | 3 4 |  4.5
Dodging        | 3 4 5 |  5.9
Polearms       | 1 3 |  3.2
Shields        | 2 4 |  4.2

Action                   |  1- 3 |  4- 6 |  7- 9 || total
-------------------------+-------+-------+-------++-------
Melee: Falchion          |    37 |    15 |       ||    52
       Trident           |       |     9 |    16 ||    25
Invok: Berserk           |     1 |     3 |     2 ||     6
       Trog's Hand       |       |       |     1 ||     1
Evoke: Wand              |     1 |     1 |     1 ||     3
  Use: Scroll            |       |     1 |       ||     1
       Potion            |       |       |     1 ||     1
 Stab: Sleeping          |     1 |       |       ||     1
  Eat: Bread ration      |       |     1 |       ||     1
Armor: Animal skin       |       |     1 |     6 ||     7
Dodge: Dodged            |    19 |     8 |    16 ||    43
Block: Buckler           |       |       |    10 ||    10
       Rpst.: Falchion   |     8 |     1 |       ||     9
